 Dungeon Crawl Stone Soup version 0.23.2-40-g277498a001 (webtiles) character file.

Game seed: 10206097253347588233

375 Emblim88 the Shooter (level 6, -1/50 HPs)
             Began as a Centaur Arcane Marksman on Sept 19, 2019.
             Was a Plaything of Xom.
             Shot with an arrow by a centaur (8 damage)
             ... on level 4 of the Dungeon.
             The game lasted 00:12:03 (3103 turns).

Emblim88 the Shooter (Centaur Arcane Marksman)      Turns: 3103, Time: 00:12:04

Health: -1/50      AC:  7    Str: 12    XL:     6   Next: 44%
Magic:  0/9        EV: 10    Int: 14    God:    Xom [...*..]
Gold:   82         SH:  0    Dex: 12    Spells: 3/9 levels left

rFire    . . .     SeeInvis .   a - +0 shortbow
rCold    . . .     Gourm    .   (shield currently unavailable)
rNeg     . . .     Faith    .   o - +0 leather armour
rPois    .         Spirit   +   (no helmet)
rElec    .         Reflect  .   A - +1 cloak
rCorr    +         Harm     .   h - +0 pair of gloves
MR       .....                  (no barding)
Stlth    ++........             e - amulet of guardian spirit
HPRegen  0.16/turn              B - ring of resist corrosion
MPRegen  0.11/turn              p - +2 ring of intelligence

@: about to teleport, hasted, very quick
A: large, hooves 3, camouflage 1, deformed body, speed 2, tough skin 3
a: Renounce Religion


You were on level 4 of the Dungeon.
You worshipped Xom.
You were a favourite toy of Xom.
You were very hungry.

You visited 1 branch of the dungeon, and saw 4 of its levels.

You collected 172 gold pieces.
You spent 90 gold pieces at shops.

Inventory:

Hand Weapons
 a - a +0 shortbow (weapon)
 r - a +0 mace of crushing
 s - a +0 hunting sling
 z - a +2 quarterstaff of chaos
Missiles
 c - 62 stones
 d - 34 arrows (quivered)
Armour
 h - a +0 pair of gloves (worn)
 o - a +0 leather armour (worn)
 A - a +1 cloak (worn)
Magical Staves
 C - an uncursed staff of power {unknown}
Jewellery
 e - an amulet of guardian spirit (around neck)
 l - an uncursed ring of protection from fire
 p - a +2 ring of intelligence (right hand)
 w - a +2 ring of strength
 B - a ring of resist corrosion (left hand)
Scrolls
 g - 2 scrolls of remove curse
 m - 4 scrolls of teleportation
 n - a scroll of immolation {unknown}
 q - a scroll of identify {unknown}
 u - a scroll of fear {unknown}
 y - a scroll of enchant armour {unknown}
Potions
 b - a potion of haste
 i - a potion of flight {unknown}
 j - a potion of might {unknown}
 t - a potion of berserk rage {unknown}
 v - a potion of ambrosia {unknown}
 x - a potion of invisibility {unknown}
 D - a potion of brilliance {unknown}
Comestibles
 f - 6 rations


   Skills:
 + Level 2.9 Fighting
 + Level 4.6 Bows
 + Level 2.5 Dodging
 + Level 2.3 Spellcasting
 + Level 3.8 Hexes


You had 3 spell levels left.
You knew the following spells:

 Your Spells              Type           Power        Failure   Level  Hunger
a - Corona                Hex            ##.....      6%          1    #......
b - Inner Flame           Hex/Fire       #.......     36%         3    ###....
c - Slow                  Hex            ##......     9%          2    ###....

Your spell library contained the following spells:

 Spells                   Type           Power        Failure   Level  Hunger
 Portal Projectile        Hex/Tloc       #.....       36%         3    ###....
 Cause Fear               Hex            ##........   52%         4    #####..
 Leda's Liquefaction      Hex/Erth       #.........   78%         4    #####..


Dungeon Overview and Level Annotations

Branches:
Dungeon (4/15)
 Temple: D:4-7

Altars:
Cheibriados
Makhleb
Qazlal
Trog
Xom

Shops:
D:4 *


Innate Abilities, Weirdness & Mutations

You have hooves in place of feet.
Armour fits poorly on your strangely shaped body.
You cover ground very quickly.
You have extremely tough skin. (AC +3)
Your skin changes colour to match your surroundings (Stealth+).


Message History

You shoot an arrow.
The arrow hits the centaur but does no damage.
The centaur is moderately wounded.
An orc comes into view. It is wielding a +0 mace.
Firing (i - inventory. (/) - cycle)
d - 35 arrows (quivered)
Press: ? - help, Shift-Dir - straight line, f/p - centaur
Aim: a centaur, wielding a +0 shortbow (moderately wounded)
You shoot an arrow. The orc shouts!
The arrow hits the centaur.
The centaur is heavily wounded.
The centaur shoots an arrow.
The arrow hits you!
* * * LOW HITPOINT WARNING * * *
The centaur drinks a potion.
The centaur is healed!
As you read the scroll of teleportation, it crumbles to dust.
You feel strangely unstable.
The centaur shoots an arrow.
The arrow hits you but does no damage.
You feel yourself speed up.
The centaur shoots an arrow.
The arrow hits you!
You die...
Xom laughs nastily!

#.###.# #..##†##
####......###
##....#<.....#
#..#.......#.##
#⌠.⌠[#.##.....#
#.∩..#.#####..#
#⌠.⌠##.# #..#
##.###.#####.@#
#.# #.....#((#
#####.##..#....(.#
.........###.....#
#######.## ##.c#.#
..# #.(o..# ##
##.#..# #(##(...
.($ #.###


You could see a centaur and an orc.

Vanquished Creatures
  An ice beast (D:3)
  A scorpion (D:4)
  Crazy Yiuf (D:2)
  Terence (D:2)
  An iguana (D:4)
  A worker ant (D:3)
  5 adders (D:2)
  2 oozes
  7 dart slugs
  2 leopard geckos
  6 orcs
  A ball python (D:4)
  8 bats
  3 giant cockroaches (D:2)
  6 goblins
  9 hobgoblins
  4 kobolds
  A quokka (D:2)
  2 frilled lizards
  4 rats
66 creatures vanquished.

Notes
Turn   | Place    | Note
-------+----------+-------------------------------------------
     0 | D:1      | Emblim88 the Centaur Arcane Marksman began the quest for
                  | the Orb.
     0 | D:1      | Reached XP level 1. HP: 16/16 MP: 2/2
   121 | D:1      | Found a shimmering altar of Xom.
   136 | D:1      | Became a worshipper of Xom of Chaos
   183 | D:1      | Reached XP level 2. HP: 23/23 MP: 3/3
   193 | D:1      | Reached skill level 3 in Bows
   568 | D:2      | Reached XP level 3. HP: 15/28 MP: 4/4
  1021 | D:2      | Learned a level 3 spell: Inner Flame
  1060 | D:2      | Found a burning altar of Makhleb.
  1060 | D:2      | Found a shimmering altar of Xom.
  1065 | D:2      | XOM: divination: detect items
  1287 | D:2      | Reached XP level 4. HP: 31/36 MP: 6/6
  1299 | D:2      | Noticed Terence
  1311 | D:2      | Killed Terence
  1370 | D:2      | Found a snail-covered altar of Cheibriados.
  1737 | D:2      | XOM: silly message
  1746 | D:2      | XOM is BORED!
  1746 | D:2      | XOM: harmless Summ miscast
  1823 | D:2      | Found a bloodstained altar of Trog.
  1987 | D:2      | Found a runed translucent door.
  1988 | D:2      | Noticed Crazy Yiuf
  2004 | D:2      | Killed Crazy Yiuf
  2004 | D:2      | Reached XP level 5. HP: 16/41 MP: 4/7
  2014 | D:2      | XOM: harmless Air miscast
  2129 | D:2      | XOM: silly message
  2163 | D:2      | XOM: harmless Ice miscast
  2358 | D:3      | Found a stormy altar of Qazlal.
  2370 | D:3      | XOM: smoke on damage
  2431 | D:3      | Noticed an ice beast
  2446 | D:3      | XOM: confuse monster(s)
  2453 | D:3      | XOM: harmless Chrm miscast
  2466 | D:3      | Killed an ice beast
  2466 | D:3      | Reached skill level 4 in Bows
  2605 | D:3      | Reached XP level 6. HP: 44/50 MP: 7/9
  2617 | D:3      | Learned a level 2 spell: Slow
  2828 | D:3      | XOM: harmless Fire miscast
  2887 | D:3      | XOM: give mutation
  2887 | D:3      | Gained mutation: Your skin changes colour to match your
                  | surroundings (Stealth+). [Xom's mischief]
  2965 | D:4      | Found Buurcha's Assorted Antiques.
  2971 | D:4      | Bought a lumpy ruby amulet for 90 gold pieces
  3096 | D:4      | HP: 2/50 [centaur/arrow (10)]
  3103 | D:4      | Shot with an arrow by a centaur

Skill      XL: |  1  2  3  4  5 |
---------------+----------------+-----
Bows           | 3 4 |  4.6
Hexes          | 3 |  3.8
Fighting       | 2 |  2.9
Dodging        | 2 |  2.5
Spellcasting   | 2 |  2.3

Action                   |  1- 3 |  4- 6 || total
-------------------------+-------+-------++-------
Melee: Mace              |    11 |       ||    11
       Kick              |     2 |       ||     2
 Fire: Shortbow          |    94 |   157 ||   251
 Cast: Corona            |       |    19 ||    19
  Use: Potion            |       |     5 ||     5
       Scroll            |       |     3 ||     3
  Eat: Ration            |       |     1 ||     1
       Chunk             |       |     1 ||     1
Armor: Robe              |     4 |       ||     4
       Leather armour    |    12 |    21 ||    33
Dodge: Dodged            |    34 |    38 ||    72
